 Dungeon Crawl Stone Soup version 0.22-a0-283-g1871b15 (webtiles) character file.

140 Amnesiac the Gusty (level 5, 0/28 HPs)
             Began as a Tengu Air Elementalist on Mar 19, 2018.
             Succumbed to an adder's poison
             ... on level 3 of the Dungeon.
             The game lasted 00:02:16 (1468 turns).

Amnesiac the Gusty (Tengu Air Elementalist)         Turns: 1468, Time: 00:02:17

Health: 0/28       AC:  2    Str:  8    XL:     5   Next: 22%
Magic:  0/10       EV: 13    Int: 16    God:
Gold:   125        SH:  0    Dex: 15    Spells: 2/10 levels left

rFire    . . .     SeeInvis .   (no weapon)
rCold    . . .     Gourm    .   (no shield)
rNeg     . . .     Faith    .   a - +0 robe
rPois    .         Spirit   .   (helmet restricted)
rElec    .         Reflect  .   (no cloak)
rCorr    .         Harm     .   (no gloves)
MR       .....                  (boots unavailable)
Stlth    ++........             (no amulet)
HPRegen  0.09/turn              (no ring)
MPRegen  0.12/turn              (no ring)

@: lethally poisoned (0 -> -14)
A: beak, talons 3, able to fly 1
a: Fly


You were on level 3 of the Dungeon.
You were not hungry.

You visited 1 branch of the dungeon, and saw 3 of its levels.

You collected 125 gold pieces.

Inventory:

Armour
 a - a +0 robe (worn)
 n - a +0 cloak
 o - a +0 buckler
Jewellery
 f - an uncursed ring of poison resistance {unknown}
Scrolls
 d - 2 scrolls of identify {!r, unknown}
 e - a scroll of fear {!r, unknown}
 g - a scroll of blinking {!r, unknown}
 h - 3 scrolls of teleportation {!r, unknown}
 j - a scroll of fog {!r, unknown}
 k - 3 scrolls of amnesia {!r, unknown}
 l - 2 scrolls of remove curse {!r, unknown}
Potions
 i - a potion of might {!q, unknown}
Comestibles
 c - 5 rations


   Skills:
 - Level 2.1 Dodging
 - Level 2.0 Stealth
 + Level 3.1 Spellcasting
 - Level 1.3 Conjurations
 * Level 6.6 Air Magic


You had 2 spell levels left.
You knew the following spells:

 Your Spells              Type           Power        Failure   Level  Hunger
a - Shock                 Conj/Air       ###.         3%          1    None
b - Static Discharge      Conj/Air       ###.....     11%         3    ###....
c - Airstrike             Air            ###.......   12%         4    ####...


Dungeon Overview and Level Annotations

Branches:
Dungeon (3/15)

Altars:


Innate Abilities, Weirdness & Mutations

You have a beak for a mouth.
You have claws for feet.
You can fly.


Message History

Things that are here:
a dagger; a robe; an orc corpse You start resting.
Casting: Shock (safe; 3% risk of failure)
Confirm with . or Enter, or press ? or * to list all spells.
Aiming: Shock (safe; 3% risk of failure)
Press: ? - help, Shift-Dir - straight line The zap misses the adder.
The zap hits the adder.
The adder is lightly wounded.
The adder hisses angrily.
Casting: Shock (safe; 3% risk of failure)
Confirm with . or Enter, or press ? or * to list all spells.
Aiming: Shock (safe; 3% risk of failure)
Press: ? - help, Shift-Dir - straight line The zap misses the adder.
The zap hits the adder.
The adder is moderately wounded.
The adder bites you.
* * * LOW HITPOINT WARNING * * *
You are poisoned.
The adder poisons you!
Casting: Shock (safe; 3% risk of failure)
Confirm with . or Enter, or press ? or * to list all spells.
Aiming: Shock (safe; 3% risk of failure)
Press: ? - help, Shift-Dir - straight line The zap hits the adder.
The adder is heavily wounded.
The zap misses the adder.
You feel sick. The adder closely misses you. The adder bites you.
* * * LOW HITPOINT WARNING * * *
Casting: Shock (safe; 3% risk of failure)
Confirm with . or Enter, or press ? or * to list all spells.
Aiming: Shock (safe; 3% risk of failure)
Press: ? - help, Shift-Dir - straight line The zap hits the adder.
The adder is heavily wounded.
The zap hits the adder.
The adder is severely wounded.
The adder closely misses you.
Casting: Shock (safe; 3% risk of failure)
Confirm with . or Enter, or press ? or * to list all spells.
You don't have enough magic to cast that spell.
Casting: Shock (safe; 3% risk of failure)
Confirm with . or Enter, or press ? or * to list all spells.
You don't have enough magic to cast that spell.
You hit the adder.
The adder is severely wounded.
The adder bites you.
* * * LOW HITPOINT WARNING * * *
You are lethally poisoned!
The adder poisons you!
You miss the adder.
The adder is severely wounded.
* * * LOW HITPOINT WARNING * * *
You feel sick. The adder bites you.
* * * LOW HITPOINT WARNING * * *
You are more poisoned.
The adder poisons you! The adder closely misses you.
Casting: Shock (safe; 3% risk of failure)
Confirm with . or Enter, or press ? or * to list all spells.
Aiming: Shock (safe; 3% risk of failure)
Press: ? - help, Shift-Dir - straight line The zap hits the adder.
You kill the adder!
You die...

#.. ...
##.###.#
#####..S##.#
...........##
####...##..#
########.###..#
.........# #..#
######)).###..#
#.).....@#
#...####†#
##)#####)#
#..S....#
#..###### #..
..


There were no monsters in sight!

Vanquished Creatures
  2 orc wizards (D:3)
  Terence (D:2)
  An adder (D:3)
  3 dart slugs
  A leopard gecko (D:1)
  2 orcs (D:3)
  5 bats
  4 giant cockroaches
  7 goblins
  5 hobgoblins
  A frilled lizard (D:2)
  6 kobolds
  5 rats
43 creatures vanquished.

Notes
Turn   | Place    | Note
-------+----------+-------------------------------------------
     0 | D:1      | Amnesiac the Tengu Air Elementalist began the quest for the Orb.
     0 | D:1      | Reached XP level 1. HP: 10/10 MP: 4/4
   211 | D:1      | Reached XP level 2. HP: 15/15 MP: 4/6
   577 | D:1      | Reached skill level 5 in Air Magic
   606 | D:1      | Reached XP level 3. HP: 19/19 MP: 3/7
   611 | D:1      | Learned a level 3 spell: Static Discharge
  1231 | D:2      | Noticed Terence
  1239 | D:2      | Killed Terence
  1239 | D:2      | Reached XP level 4. HP: 18/24 MP: 1/9
  1245 | D:2      | Learned a level 4 spell: Airstrike
  1291 | D:2      | Found a faded altar of an unknown god.
  1401 | D:3      | Reached skill level 6 in Air Magic
  1430 | D:3      | Gained mutation: You can fly. [Tengu growth]
  1430 | D:3      | Reached XP level 5. HP: 11/28 MP: 0/10
  1467 | D:3      | HP: 1/28 [adder (4)]
  1468 | D:3      | Succumbed to an adder's poison

Vault maps used:
D:1:      evilmike_arrival_hilbert_curve
D:2:      chequers_ecumenical_altar_simple_redux, uniq_terence
D:3:      chequers_temple_overflow_statue_of_worship, serial_park_tiny_1

Skill      XL: |  1  2  3  4 |
---------------+-------------+-----
Air Magic      | 5 6 |  6.6
Spellcasting   | 3 |  3.1
Dodging        | |  2.1
Stealth        | |  2.0
Conjurations   | |  1.3

Action                   |  1- 3 |  4- 6 || total
-------------------------+-------+-------++-------
Melee: Unarmed           |    11 |     8 ||    19
       Kick              |     4 |     2 ||     6
       Peck              |     1 |     1 ||     2
 Cast: Shock             |    75 |    23 ||    98
  Use: Potion            |       |     1 ||     1
  Eat: Chunk             |     2 |     1 ||     3
Armor: Robe              |     5 |     1 ||     6
Dodge: Dodged            |    26 |     5 ||    31

Table legend:
 A = Spawn XP
 B = Non-spawn XP
 C = Spawn XP percentage of total XP
 D = Spawn monster count
 E = Non-spawn monster count
 F = Spawn count percentage of total count
 G = Total turns spent on level
                    A         B        C        D         E        F      G
               +---------+---------+-------+---------+---------+-------+---------
         Total |       0 |     200 |   0.0 |       0 |      43 |   0.0 |  1468
               +---------+---------+-------+---------+---------+-------+---------
           D:1 |       0 |      34 |   0.0 |       0 |      18 |   0.0 |   775
           D:2 |       0 |      68 |   0.0 |       0 |      19 |   0.0 |   614
           D:3 |       0 |      98 |   0.0 |       0 |       6 |   0.0 |    79
               +---------+---------+-------+---------+---------+-------+---------
